 Dungeon Crawl Stone Soup version 0.31-a0-995-g04711c9635 (webtiles) character file.

Game seed: 3274551501064145994

1805012 Gladio the Slayer (level 25, 255/255 HPs)
             Began as a Demigod Gladiator on Nov 2, 2023.
             Escaped with the Orb
             ... and 3 runes on Nov 6, 2023!
             The game lasted 02:41:00 (60488 turns).

Gladio the Slayer (Demigod Gladiator)              Turns: 60488, Time: 02:41:00

Health: 255/255    AC: 25    Str: 15    XL:     25   Next: 55%
Magic:  27/27      EV: 48    Int: 10    God:
Gold:   5466       SH: 25    Dex: 50    Spells: 24/24 levels left

rFire   + + .        l - +9 double sword (heavy)
rCold   + . .        A - +3 kite shield {AC+3}
rNeg    + + +        J - +5 ring mail of Articulation {rElec rF+ Will+}
rPois   +            V - +0 mask of the Dragon {Will+ Slay+3 SInv}
rElec   +            z - scarf {rC+ rF+}
rCorr   +            m - +3 pair of gauntlets of War {Slay+5}
SInv    +            S - +2 pair of boots {rampage}
Will    ++++.        U - amulet "Arec" {Acrobat rN+++ Regen+ Dex-3 Stlth+}
Stlth   ++           v - ring of poison resistance
HPRegen 1.42/turn    Y - ring "Nuexefeyr" {Drain rElec rN+ rCorr Dex+6}
MPRegen 0.20/turn

%: acrobat, rampage
@: studying Unarmed Combat
A: high MP 1, forlorn, divine attributes, antennae 1, shaggy fur 1, no potion
heal 1
0: Orb of Zot
}: 3/15 runes: barnacled, slimy, gossamer
a: no special abilities


You escaped.
You visited 12 branches of the dungeon, and saw 54 of its levels.
You also visited: Gauntlet.

You collected 7449 gold pieces.
You spent 1983 gold pieces at shops.

Inventory:

Hand Weapons
 l - a +9 heavy double sword (weapon)
Missiles
 e - 25 javelins
 Z - 13 silver javelins (quivered)
Armour
 m - the +3 pair of gauntlets of War (worn) {Slay+5}
   (You acquired it on level 10 of the Dungeon)

   Slay+5:    It affects your accuracy & damage with ranged weapons and melee
   (+5).
 n - a +0 cloak of poison resistance
 z - a scarf of resistance (worn)
 A - a +3 kite shield of protection (worn)
 J - the +5 ring mail of Articulation (worn) {rElec rF+ Will+}
   (You found it on level 2 of the Lair of Beasts)

   rF+:       It protects you from fire.
   rElec:     It insulates you from electricity.
   Will+:     It increases your willpower.
 S - a +2 pair of boots of rampaging (worn)
 T - a +2 cloak
 V - the +0 mask of the Dragon (worn) {Will+ Slay+3 SInv}
   (You found it in a Gauntlet)

   Slay+3:    It affects your accuracy & damage with ranged weapons and melee
   (+3).
   Will+:     It increases your willpower.
   SInv:      It lets you see invisible.
Jewellery
 i - an amulet of regeneration
 v - a ring of poison resistance (left hand)
 B - a +6 ring of dexterity
 U - the amulet "Arec" (around neck) {Acrobat rN+++ Regen+ Dex-3 Stlth+}
   (You found it on level 15 of the Dungeon)

   [amulet of the acrobat]

   Acrobat:   It increases your evasion while moving and waiting.
   Dex-3:     It affects your dexterity (-3).
   rN+++:     It renders you almost immune to negative energy.
   Regen+:    It increases your rate of health regeneration.
   Stlth+:    It makes you more stealthy.
 Y - the ring "Nuexefeyr" (right hand) {Drain rElec rN+ rCorr Dex+6}
   (You found it in a Gauntlet)

   [ring of dexterity]

   Dex+6:     It affects your dexterity (+6).
   rElec:     It insulates you from electricity.
   rN+:       It protects you from negative energy.
   rCorr:     It protects you from acid and corrosion.
   Drain:     It drains your maximum health when unequipped.
Wands
 q - a wand of charming (45)
 s - a wand of mindburst (44)
 x - a wand of iceblast (59)
 y - a wand of flame (63)
 G - a wand of polymorph (40)
 I - a wand of light (27)
 X - a wand of digging (33)
Scrolls
 c - 3 scrolls of torment
 f - 10 scrolls of teleportation
 h - 28 scrolls of identify
 k - 3 scrolls of silence
 t - 10 scrolls of poison
 w - 6 scrolls of enchant weapon
 E - 11 scrolls of fear
 K - 4 scrolls of blinking
 L - 6 scrolls of noise
 N - 6 scrolls of immolation
 P - 10 scrolls of fog
 R - 4 scrolls of enchant armour
 W - 4 scrolls of butterflies
Potions
 a - 9 potions of attraction
 b - 4 potions of mutation
 g - 6 potions of might
 j - 3 potions of haste
 o - 2 potions of enlightenment
 p - 2 potions of cancellation
 r - 4 potions of magic
 u - 9 potions of brilliance
 C - 26 potions of curing
 D - 5 potions of invisibility
 F - 5 potions of berserk rage
 M - 11 potions of ambrosia
 O - 4 potions of resistance
 Q - 6 potions of heal wounds
Miscellaneous
 d - a phantom mirror


   Skills:
 - Level 26.4 Fighting
 - Level 0.4(11.7) Short Blades
 * Level 17.9 Long Blades
 - Level 10.0 Throwing
 + Level 12.9 Armour
 + Level 22.4 Dodging
 + Level 17.3 Shields


You had 24 spell levels left.
You didn't know any spells.
Your spell library contained the following spells:

 Spells                   Type           Power      Damage    Failure   Level
 Freeze                   Ice            0%         1d3       69%         1
 Magic Dart               Conj           0%         1d3       69%         1
 Slow                     Hex            0%         N/A       69%         1
 Blink                    Tloc           0%         N/A       83%         2
 Call Imp                 Summ           0%         N/A       83%         2
 Cigotuvi's Dreadful Rot  Necr/Pois/Air  0%         N/A       83%         2
 Jinxbite                 Hex            0%         N/A       83%         2
 Lesser Beckoning         Tloc           0%         N/A       83%         2
 Momentum Strike          Conj/Tloc      0%         3d8       83%         2
 Scorch                   Fire           0%         2d5       83%         2
 Searing Ray              Conj           0%         2d4       83%         2
 Static Discharge         Conj/Air       0%         3-3/arc   83%         2
 Sublimation of Blood     Necr           0%         N/A       83%         2
 Wereblood                Tmut           0%         N/A       83%         2
 Call Canine Familiar     Summ           0%         N/A       96%         3
 Confusing Touch          Hex            0%         N/A       96%         3
 Dazzling Flash           Conj/Hex       0%         N/A       96%         3
 Frozen Ramparts          Ice            0%         1d1       96%         3
 Hailstorm                Conj/Ice       0%         3d3       96%         3
 Inner Flame              Hex/Fire       0%         N/A       96%         3
 Mephitic Cloud           Conj/Pois/Air  0%         N/A       96%         3
 Ozocubu's Armour         Ice            0%         N/A       96%         3
 Sigil of Binding         Hex            0%         N/A       96%         3
 Tukima's Dance           Hex            0%         N/A       96%         3
 Vampiric Draining        Necr           0%         2d6       96%         3
 Volatile Blastmotes      Fire/Tloc      0%         2d10      96%         3
 Airstrike                Air            0%         2d(0-16)  100%        4
 Anguish                  Hex/Necr       0%         N/A       100%        4
 Animate Armour           Summ/Erth      0%         N/A       100%        4
 Animate Dead             Necr           0%         N/A       100%        4
 Brom's Barrelling Bould  Conj/Erth      0%         2d3       100%        4
 Dimensional Bullseye     Hex/Tloc       0%         N/A       100%        4
 Dispel Undead            Necr           0%         3d6       100%        4
 Flame Wave               Conj/Fire      0%         2d4       100%        4
 Fulminant Prism          Conj/Hex       0%         3d5       100%        4
 Leda's Liquefaction      Hex/Erth       0%         N/A       100%        4
 Passage of Golubria      Tloc           0%         N/A       100%        4
 Petrify                  Tmut/Erth      0%         N/A       100%        4
 Sticky Flame             Conj/Fire      0%         2d3       100%        4
 Summon Lightning Spire   Summ/Air       0%         N/A       100%        4
 Vhi's Electric Charge    Tloc/Air       0%         N/A       100%        4
 Alistair's Intoxication  Tmut/Pois      0%         N/A       100%        5
 Arcjolt                  Conj/Air       0%         1d10      100%        5
 Borgnjor's Vile Clutch   Necr/Erth      0%         N/A       100%        5
 Fireball                 Conj/Fire      0%         3d3       100%        5
 Freezing Cloud           Conj/Ice/Air   0%         6-21      100%        5
 Irradiate                Conj/Tmut      0%         3d11      100%        5
 Iskenderun's Battlesphe  Conj           0%         2d6       100%        5
 Lee's Rapid Deconstruct  Erth           0%         3d4*      100%        5
 Metabolic Englaciation   Hex/Ice        0%         N/A       100%        5
 Silence                  Hex/Air        0%         N/A       100%        5
 Yara's Violent Unravell  Hex/Tmut       0%         3d3       100%        5
 Bombard                  Conj/Erth      0%         9d1       100%        6
 Conjure Ball Lightning   Conj/Air       0%         3x3d6     100%        6
 Death Channel            Necr           0%         N/A       100%        6
 Eringya's Noxious Bog    Tmut/Pois      0%         4d6       100%        6
 Simulacrum               Ice/Necr       0%         N/A       100%        6
 Starburst                Conj/Fire      0%         6d3       100%        6
 Summon Cactus Giant      Summ           0%         N/A       100%        6
 Enfeeble                 Hex            0%         N/A       100%        7
 Haunt                    Necr/Summ      0%         N/A       100%        7
 Malign Gateway           Summ/Tloc      0%         N/A       100%        7
 Orb of Destruction       Conj           0%         9d5       100%        7
 Ozocubu's Refrigeration  Ice            0%         4d7       100%        7
 Spellforged Servitor     Conj/Summ      0%         N/A       100%        7
 Summon Hydra             Summ           0%         N/A       100%        7
 Borgnjor's Revivificati  Necr           0%         N/A       100%        8
 Discord                  Hex            0%         N/A       100%        8
 Disjunction              Tloc           0%         N/A       100%        8
 Infestation              Necr           0%         N/A       100%        8
 Lehudib's Crystal Spear  Conj/Erth      0%         10d2      100%        8
 Maxwell's Capacitive Co  Air            0%         ∞         100%        8
 Summon Horrible Things   Summ           0%         N/A       100%        8
 Death's Door             Necr           0%         N/A       100%        9
 Polar Vortex             Ice            0%         N/A       100%        9


Dungeon Overview and Level Annotations

Branches:
Dungeon (15/15)            Temple (1/1) D:7            Lair (5/5) D:11
 Shoals (4/4) Lair:3       Spider (4/4) Lair:3        Slime (5/5) Lair:5
    Orc (2/2) D:12            Elf (2/3) Orc:2        Vaults (4/5) D:13
  Crypt (3/3) Vaults:2       Tomb (0/3) Crypt:3      Depths (4/4) D:15
    Zot (5/5) Depths:4    Gauntlet (visited)

Shops:
D:2 ?   D:10 ?   D:15 **   Orc:1 (   Orc:2 [[[(   Elf:2 ((?   Vaults:1 (
Depths:3 *

Portals:
Hell: Depths:3 Depths:4
Abyss: Depths:2 Depths:3
Pandemonium: Depths:2 Depths:3 Depths:4
Ziggurat: Depths:1
Trove: D:13 (show abyssal rune of Zot)

Annotations:
Shoals:3 6 transporters
Slime:5 exclusion: the Royal Jelly
Depths:1 exclusion: 6 doors
Depths:2 exclusion: orange crystal statue
Depths:4 6 runed translucent doors, exclusion: door
Zot:5 2 exclusions


Innate Abilities, Weirdness & Mutations

You have an increased reservoir of magic. (+10% MP)
You shall have no god before yourself.
Your divine heritage dramatically boosts your attributes as you level up.
You have a pair of small antennae on your head.
You are covered in fur. (AC +1)
Potions are less effective at restoring your health.


Message History

There is a stone staircase leading up here.
You start resting.
HP restored.
You can't go down here!
You climb upwards.
There is a stone staircase leading down here.
What level of the Dungeon? (default 1, ? - help)
There is a stone staircase leading up here.
You climb upwards.
There is a stone staircase leading down here.
There is a stone staircase leading up here.
You climb upwards.
There is a stone staircase leading down here.
There is a stone staircase leading up here.
You climb upwards.
There is a stone staircase leading down here.
There is a stone staircase leading up here.
You climb upwards.
There is a stone staircase leading down here.
There is an open door here.
There is an open door here.
Saving game... please wait.
Welcome back, Gladio the Demigod Gladiator.
Press ? for a list of commands and other information.
Welcome back, Gladio the Demigod Gladiator.
Press ? for a list of commands and other information.
You are acrobatic and have increased evasion.
You are studying Unarmed Combat.
Your movement speed is average.
Your attack delay is about 1.1 (and cannot be improved with additional weapon skill) (and is slowed by your shield).
Your damage rating with your +9 heavy double sword is about 122 (Base [15 + 12 (Hvy)] x 200% (Dex) x 196% (Skill) + 17 (Ench + Slay)).
Your base attributes are Str 15, Int 10, Dex 47.
A glowing orange brain comes into view.
There is a staircase leading out of the dungeon here.
There is an open door here.
You slice the glowing orange brain like a ripe choko!!!!
You kill the glowing orange brain!
No target in view!
No target in view!
There is a staircase leading out of the dungeon here.
You have escaped!

#....######.....#..###....#
####....#....#.######...#....####
.......##.##.#......###.##.......
####..'#..##.######.#...##'..###.
#..#..###........#.###.#..# #.
#.###########.####.#...##.# #) ##
#.######...##'####.#.####.# #. .#
#.##.....#.'...+.....####.# #. .#
#.'.)#.#####.@.#######..'.###.
.###.####.#...'...'.#.....##.##..
.....####.#.####'##...######.###.
.###.##...#.####.###########.###.
## #..#.###.#........###..#..##..
####..'##...#.######.##..#'....>.
.......##.###......#.##.##...##..
.###....#...######.#....#....###.
.# #....###..#.....#.####....# #.


There were no monsters in sight!

Vanquished Creatures
  the Royal Jelly (Slime:5)
  Dissolution (Slime:1)
  2 dread liches (Zot:5)
  5 ancient liches
  Mennas (Crypt:3)
  3 orbs of fire (Zot:5)
  5 juggernauts
  Sojobo (Depths:1)
  Josephina (Zot:3)
  A Killer Klown (Zot:5)
  5 caustic shrikes (Depths:4)
  Margery (Depths:3)
  3 curse toes
  Nikola (Shoals:1)
  10 golden dragons
  4 bone dragons
  The ghost of Lianjan the Hasty, an adept GnWr of Cheibriados (Vaults:3)
  3 electric golems
  2 Tzitzimimeh (Depths:2)
  A walking crystal tome (Depths:4)
  3 doom hounds (Depths:2)
  6 tentacled monstrosities
  Rupert (Lair:3)
  5 liches
  23 Orb Guardians
  2 walking earthen tomes
  2 deep elf blademasters
  Grunn (Depths:3)
  7 quicksilver dragons
  A walking divine tome (Depths:3)
  A kraken (Shoals:4)
  3 sphinxes
  15 acid blobs
  3 Executioners
  8 death cobs
  3 ancient champions
  6 shadow dragons
  5 tengu reavers
  Aizul (Spider:2)
  9 storm dragons
  2 revenants (Crypt:2)
  A draconian monk (Zot:1)
  10 fire giants
  Donald (Vaults:2)
  8 draconian knights
  4 emperor scorpions
  4 draconian scorchers
  3 iron dragons
  18 rockslimes
  2 balrugs
  10 azure jellies
  A spectral juggernaut (Depths:2)
  7 ghost moths
  6 frost giants
  7 vault wardens
  4 ghouls (Crypt:2)
  A caustic shrike zombie (Crypt:2)
  An orc warlord (Vaults:1)
  3 spectral caustic shrikes (Depths:2)
  3 draconian shifters
  A curse skull (Crypt:1)
  A juggernaut zombie (Crypt:2)
  5 war gargoyles
  3 draconian stormcallers
  9 quicksilver oozes
  15 ironbound preservers
  A draconian annihilator (Zot:3)
  7 stone giants
  3 ironbound thunderhulks
  A reaper (Depths:2)
  11 very ugly things
  A caustic shrike skeleton (Crypt:2)
  5 formless jellyfish
  A broodmother (Spider:1)
  9 vampire knights
  14 green draconians
  A spectral titan (Depths:2)
  4 black draconians
  3 putrid mouths (Depths:2)
  7 purple draconians
  A deep elf annihilator (Elf:2)
  13 spark wasps
  6 white draconians
  A lorocyproca (D:14)
  10 red draconians
  A dire elephant (Vaults:3)
  10 yellow draconians
  A minotaur (Gauntlet)
  5 merfolk javelineers
  7 ettins
  3 crystal guardians (Crypt:3)
  7 merfolk impalers
  9 fire dragons
  2 spectral quicksilver dragons (Depths:2)
  7 jiangshi
  6 entropy weavers
  8 deep elf death magi
  A quicksilver dragon zombie (Crypt:2)
  A deep elf high priest (Vaults:4)
  3 eidola
  2 spriggan zombies
  10 yaktaur captains
  12 ice dragons
  A hell beast (Depths:4)
  8 great orbs of eyes
  2 spectral shadow dragons (Depths:2)
  10 vault guards
  An ogre mage (D:12)
  Fannar (Lair:3)
  A peacekeeper (Vaults:3)
  3 rakshasas
  3 spectral golden dragons (Depths:2)
  2 hydras (D:13)
  5 ironbound frosthearts
  A spectral sphinx (Depths:2)
  2 spectral tengu (Depths:2)
  A boulder beetle (shapeshifter) (Depths:4)
  2 jorogumos
  4 spriggan air magi
  4 merfolk avatars
  3 merfolk aquamancers
  A spectral stone giant (Depths:2)
  10 centaur warriors
  4 death knights
  A spectral fire giant (Depths:2)
  7 boulder beetles
  3 spriggan skeletons (Crypt:3)
  2 catoblepae
  3 radroaches
  A spectral frost giant (Depths:2)
  A two-headed ogre (D:12)
  11 deep troll shamans
  6 satyrs
  9 tengu warriors
  A titan zombie (Crypt:3)
  6 death yaks (Lair:3)
  5 spriggan berserkers
  37 dancing weapons
  4 demonic crawlers
  5 vampire magi
  A spectral storm dragon (Depths:2)
  10 deep troll earth magi
  An occultist (Depths:1)
  24 hell knights
  6 soul eaters
  5 skysharks
  16 deep elf knights
  5 sun demons
  2 spectral spark wasps (Depths:2)
  7 iron trolls
  4 large abominations
  Lodul (D:11)
  2 sixfirhies
  8 pharaoh ants
  An iron troll (shapeshifter) (Depths:4)
  2 goliath frogs (Lair:5)
  A shadow wraith (Crypt:2)
  2 sun moths
  12 orb spiders
  58 deep trolls
  41 skeletal warriors
  An anaconda zombie (Crypt:2)
  An orb spider (shapeshifter) (Vaults:2)
  An orange crystal statue (Depths:2)
  A spectral iron dragon (Depths:2)
  10 sea snakes
  5 deep elf archers
  7 glowing orange brains
  A death drake (Depths:2)
  5 flayed ghosts
  10 steelbarb worms
  A spriggan simulacrum (Depths:2)
  16 deep elf pyromancers
  9 orc knights
  10 arcanists
  12 ironbound convokers
  18 harpies
  14 necromancers
  12 lindwurms
  8 phantasmal warriors
  2 sphinx simulacra (Depths:2)
  40 ugly things
  18 deep elf zephyrmancers
  30 wolf spiders
  4 spectral spriggans (Depths:2)
  A shining eye (Slime:1)
  14 manticores
  A moth of wrath (shapeshifter) (Depths:4)
  8 fauns
  An orc sorcerer (Orc:2)
  11 cyclopes
  7 elephants
  Maurice (D:9)
  A salamander (Depths:1)
  A centaur zombie (Crypt:2)
  18 vault sentinels
  6 merfolk sirens
  2 stone giant skeletons (Vaults:2)
  26 moths of wrath
  2 eyes of devastation
  2 water nymphs (Shoals:4)
  A black mamba (Lair:2)
  A titan simulacrum (Depths:2)
  An eye of devastation (shapeshifter) (Vaults:2)
  A gargoyle (D:11)
  2 storm dragon simulacra
  22 cane toads
  An orange demon (D:15)
  8 torpor snails
  4 unseen horrors
  A rime drake (Lair:3)
  10 komodo dragons
  An alligator snapping turtle skeleton (Crypt:2)
  A swamp worm zombie (Crypt:1)
  2 tormentors
  5 freezing wraiths
  3 hellions
  2 spectral glowing shapeshifters (Depths:2)
  2 efreet
  A golden dragon simulacrum (Depths:2)
  5 tengu conjurers
  31 yaktaurs
  3 harpy zombies (Crypt:2)
  33 merfolk
  5 trolls
  7 wind drakes
  A yaktaur skeleton (Vaults:2)
  4 polar bears
  A spectral human (Depths:2)
  6 meliai
  4 tengu simulacra (Depths:2)
  3 harpy skeletons
  3 shadow dragon simulacra (Depths:2)
  A satyr zombie (Crypt:1)
  2 tyrant leeches
  6 glass eyes
  A snapping turtle (shapeshifter) (Depths:4)
  24 tarantellas
  2 fire dragon zombies
  2 glass eyes (shapeshifter) (Vaults:2)
  6 hornets
  A hydra skeleton (Crypt:2)
  A raiju (shapeshifter) (D:15)
  34 blink frogs
  2 draconian simulacra (Zot:3)
  7 dream sheep (Lair:3)
  11 snapping turtles
  121 slime creatures
  33 jumping spiders
  Sigmund (D:3)
  An ettin skeleton (Crypt:3)
  A vampire (D:12)
  22 water elementals
  34 flying skulls (Crypt:3)
  23 culicivoras
  3 air elementals
  5 shadows
  2 centaur simulacra
  8 wraiths
  4 wyverns
  8 basilisks
  A hog (shapeshifter) (Vaults:2)
  6 steam dragons
  2 fire elementals
  6 golden eyes
  11 vampire mosquitoes
  A neqoxec (Gauntlet)
  37 yaks
  55 redbacks
  A red draconian simulacrum (Zot:3)
  A chaos spawn (Gauntlet)
  5 naga zombies
  A skyshark zombie (Crypt:2)
  A swamp worm (shapeshifter) (Vaults:2)
  2 acid dragons
  2 swamp worms (Gauntlet)
  9 water moccasins
  35 orc warriors
  A sky beast (D:7)
  3 ice beasts
  2 black bears
  A deep troll skeleton (Crypt:1)
  A black bear (shapeshifter) (D:15)
  A tengu (shapeshifter) (D:12)
  12 ogres
  10 wolves
  10 boggarts
  11 centaurs
  2 kobold brigands
  An elf zombie (Crypt:1)
  15 bullfrogs
  2 gnoll sergeants
  8 necrophages
  A salamander skeleton (Crypt:2)
  8 scorpions
  3 earth elementals
  A cyclops skeleton (Crypt:2)
  5 wights (D:9)
  A polar bear zombie (Crypt:1)
  5 electric eels
  4 howler monkeys
  A human zombie (Crypt:2)
  25 orc priests
  4 jellies
  3 hounds (D:5)
  A black bear skeleton (Crypt:2)
  2 iguanas (D:6)
  Ijyb (D:4)
  2 sleepcaps
  Natasha (D:3)
  28 orc wizards
  A deep dwarf zombie (Crypt:1)
  An acid dragon skeleton (Crypt:1)
  7 adders
  6 gnolls
  A swamp drake zombie (Crypt:2)
  2 shadow imps (D:6)
  2 white imps
  3 ufetubi (D:5)
  A worm zombie (Crypt:1)
  3 worms
  A dart slug (D:3)
  101 orcs
  6 ball pythons
  5 bats
  8 endoplasms
  7 giant cockroaches
  12 goblins
  7 hobgoblins
  13 kobolds
  2 quokkas (D:2)
  A frilled lizard (D:1)
  A goblin skeleton (Crypt:2)
  6 rats
  3 tentacles (Shoals:4)
2292 creatures vanquished.

Vanquished Creatures (collateral kills)
  A merfolk javelineer (Shoals:4)
  A merfolk aquamancer (Shoals:4)
  3 gnolls (D:7)
5 creatures vanquished.

Vanquished Creatures (others)
  A draconian knight (Zot:4)
  A deep elf zephyrmancer (Elf:1)
  A golden dragon simulacrum (Zot:3)
  A glass eye (shapeshifter) (Elf:1)
  A jumping spider (Spider:4)
  An orc warrior (Orc:2)
  A boggart (Vaults:2)
  A centaur (Orc:2)
  An orc (D:8)
  18 tentacles (Shoals:4)
27 creatures vanquished.

Grand Total: 2324 creatures vanquished

Notes
Turn   | Place    | Note
-------+----------+-------------------------------------------
     0 | D:1      | Gladio the Demigod Gladiator began the quest for the Orb.
     0 | D:1      | Reached XP level 1. HP: 17/17 MP: 3/3
   247 | D:1      | Reached skill level 2 in Fighting
   359 | D:1      | Reached XP level 2. HP: 18/24 MP: 4/4
   990 | D:2      | You fall into a shaft and drop 1 floor!
  1061 | D:3      | Gained mutation: Your spells are a little easier to cast,
                  | but a little less powerful. [potion of mutation]
  1087 | D:3      | Reached XP level 3. HP: 5/29 MP: 5/5
  1277 | D:3      | Noticed Sigmund
  1288 | D:3      | Killed Sigmund
  1289 | D:3      | Reached skill level 5 in Long Blades
  1289 | D:3      | Reached XP level 4. HP: 36/36 MP: 6/6
  1289 | D:3      | Reached XP level 5. HP: 41/41 MP: 7/7
  1810 | D:2      | Found The Oracle's Delphic Readings.
  1834 | D:2      | Bought a scroll of identify for 26 gold pieces
  2254 | D:3      | Noticed Natasha
  2262 | D:3      | Killed Natasha
  2551 | D:4      | Noticed Ijyb
  2573 | D:4      | Killed Ijyb
  2574 | D:4      | Reached XP level 6. HP: 32/48 MP: 8/8
  3411 | D:5      | Entered Level 5 of the Dungeon
  3567 | D:5      | Identified the +2 pair of gloves "Boemineh" {rN+}
  3634 | D:5      | Reached XP level 7. HP: 55/55 MP: 9/9
  4043 | D:5      | Noticed a steam dragon
  4049 | D:5      | Killed a steam dragon
  4281 | D:6      | Reached XP level 8. HP: 45/61 MP: 10/10
  4772 | D:6      | Reached skill level 10 in Long Blades
  5539 | D:7      | Reached skill level 3 in Fighting
  5723 | D:7      | Found a staircase to the Ecumenical Temple.
  5835 | D:7      | Reached XP level 9. HP: 30/70 MP: 11/11
  6100 | Temple   | Entered the Ecumenical Temple
  6158 | D:7      | Reached skill level 4 in Fighting
  7071 | D:7      | Reached skill level 5 in Dodging
  7402 | D:8      | Paralysed by a hornet for 2 turns
  7437 | D:8      | Identified the beast talisman "Qaojeshraass" {rN+ Int+2}
  8074 | D:9      | Reached skill level 5 in Fighting
  8091 | D:9      | Noticed Maurice
  8108 | D:9      | Maurice stole a ring of magical power
  8109 | D:9      | Maurice stole 3 throwing nets
  8114 | D:9      | Killed Maurice
  8115 | D:9      | Reached XP level 10. HP: 49/81 MP: 13/13
  8437 | D:9      | HP: 3/81 [something (8)]
  8443 | D:9      | HP: 3/81 [something (1)]
  9359 | D:10     | Entered Level 10 of the Dungeon
  9391 | D:10     | Reached skill level 6 in Fighting
  9435 | D:10     | Identified the +7 chain mail of Ugaph {rN+}
  9775 | D:10     | Found Paxetuce's Magic Scroll Emporium.
  9812 | D:10     | Bought a scroll of identify for 32 gold pieces
  9812 | D:10     | Bought a scroll of teleportation for 48 gold pieces
  9812 | D:10     | Bought a scroll of teleportation for 48 gold pieces
 10119 | D:11     | Noticed a cyclops
 10126 | D:11     | Killed a cyclops
 10396 | D:11     | Noticed Lodul
 10555 | D:10     | Reached XP level 11. HP: 73/91 MP: 14/14
 10616 | D:11     | Killed Lodul
 10717 | D:11     | Reached skill level 7 in Fighting
 11273 | D:11     | Found a staircase to the Lair.
 12163 | Lair:1   | Entered Level 1 of the Lair of Beasts
 12392 | Lair:1   | Reached skill level 8 in Fighting
 13060 | Lair:1   | Reached skill level 1 in Armour
 14271 | Lair:2   | Reached skill level 9 in Fighting
 14271 | Lair:2   | Reached XP level 12. HP: 88/104 MP: 15/15
 14340 | Lair:2   | Found a transporter.
 14342 | Lair:2   | Found a transporter.
 14346 | Lair:2   | Noticed a boulder beetle
 14346 | Lair:2   | Noticed a boulder beetle
 14357 | Lair:2   | You fall into a shaft and drop 1 floor!
 14856 | Lair:2   | Reached skill level 10 in Fighting
 14887 | Lair:2   | Identified the +5 ring mail of Articulation {rElec rF+
                  | Will+}
 14973 | Lair:2   | Killed a boulder beetle
 14979 | Lair:2   | Killed a boulder beetle
 15927 | Lair:3   | Found a hole to the Spider Nest.
 15927 | Lair:3   | Noticed Fannar
 15927 | Lair:3   | Noticed a catoblepas
 15981 | Lair:3   | Killed Fannar
 15982 | Lair:3   | Reached skill level 11 in Fighting
 15982 | Lair:3   | Killed a catoblepas
 16117 | Lair:3   | Noticed Rupert
 16150 | Lair:3   | Reached skill level 10 in Dodging
 16300 | Lair:3   | Found a staircase to the Shoals.
 16888 | Gauntlet | Identified the "Atahoeh"
 16966 | Lair:4   | Reached XP level 13. HP: 110/117 MP: 16/16
 16966 | Lair:4   | Found a gate leading to a gauntlet.
 16975 | Gauntlet | Entered a Gauntlet
 16975 | Gauntlet | Found a transporter.
 17029 | Gauntlet | Found a transporter.
 17044 | Gauntlet | Found a transporter.
 17049 | Gauntlet | Found a transporter.
 17064 | Gauntlet | Found a transporter.
 17083 | Gauntlet | Found a transporter.
 17095 | Gauntlet | Found a transporter.
 17107 | Gauntlet | Found a transporter.
 17119 | Gauntlet | Found a transporter.
 17131 | Gauntlet | Found a transporter.
 17150 | Gauntlet | Found a transporter.
 17165 | Gauntlet | Found a transporter.
 17167 | Gauntlet | Found a transporter.
 17193 | Gauntlet | Found a transporter.
 17195 | Gauntlet | Found a transporter.
 17215 | Gauntlet | Found a transporter.
 17293 | Gauntlet | Found a transporter.
 17331 | Gauntlet | Found a transporter.
 17511 | Gauntlet | Identified the +1 cloak "Iwoac" {rN+}
 17579 | Gauntlet | Identified the ring "Nuexefeyr" {Drain rElec rN+ rCorr
                  | Dex+6}
 17610 | Gauntlet | Found the +0 mask of the Dragon {Will+ Slay+3 SInv}
 17610 | Gauntlet | Found the +3 salamander hide armour {Flames, rFlCloud rF++
                  | rC--}
 17610 | Gauntlet | Noticed a minotaur
 17628 | Gauntlet | Killed a minotaur
 17629 | Gauntlet | Reached skill level 12 in Fighting
 17817 | D:10     | Bought a scroll of acquirement for 832 gold pieces
 17817 | D:10     | Acquired the +3 pair of gauntlets of War {Slay+5}
 17817 | D:10     | Found the +3 pair of gauntlets of War {Slay+5}
 17977 | Lair:4   | Identified the +2 lajatang of Wu Jian, Chewing {elec, *Slow
                  | +Blink rPois Stlth+}
 18597 | Lair:5   | Identified the "Reecain"
 18597 | Lair:5   | Entered Level 5 of the Lair of Beasts
 18603 | Lair:5   | Reached skill level 1 in Shields
 19055 | Lair:5   | Reached skill level 15 in Long Blades
 19290 | Lair:5   | Found a staircase to the Slime Pits.
 19485 | Lair:5   | Identified the +0 plate armour of Cowardice {rElec rCorr}
 19821 | D:12     | Identified the +2 robe of Ornamental Surprise {*Corrode
                  | Str+3 Dex+2}
 19967 | D:12     | Reached XP level 14. HP: 97/127 MP: 17/17
 20502 | D:12     | Found a staircase to the Orcish Mines.
 20799 | D:13     | Found a portal to a secret trove of treasure.
 20932 | D:13     | Reached skill level 13 in Fighting
 21178 | D:13     | Found a gate to the Vaults.
 21183 | D:13     | Reached skill level 5 in Shields
 22225 | D:14     | Reached skill level 14 in Fighting
 22532 | D:15     | Entered Level 15 of the Dungeon
 22539 | D:15     | Found Umaxan's Assorted Antiques.
 22544 | D:15     | Bought a scroll of identify for 66 gold pieces
 22544 | D:15     | Bought a scroll of teleportation for 99 gold pieces
 23023 | D:15     | Found a staircase to the Depths.
 23033 | D:15     | Identified the amulet "Arec" {Acrobat rN+++ Regen+ Dex-3
                  | Stlth+}
 23039 | D:15     | Reached XP level 15. HP: 139/139 MP: 18/18
 23065 | D:15     | Found Gexuettay's Assorted Antiques.
 23556 | D:15     | Reached skill level 15 in Fighting
 23730 | Orc:1    | Entered Level 1 of the Orcish Mines
 23730 | Orc:1    | Found Myaras's Antique Weapon Shop.
 24194 | Orc:2    | Entered Level 2 of the Orcish Mines
 24510 | Orc:2    | Found Oplatoti's Armour Emporium.
 24510 | Orc:2    | Found Achaod's Armour Boutique.
 24513 | Orc:2    | Found Asoanoc's Antique Armour Shop.
 24516 | Orc:2    | Found Josacygh's Antique Weapon Shoppe.
 24553 | Orc:2    | Found a staircase to the Elven Halls.
 25178 | Orc:2    | Bought a +4 ring mail of poison resistance for 364 gold
                  | pieces
 25209 | Orc:1    | Bought a shimmering scimitar for 243 gold pieces
 25209 | Orc:1    | Identified the +2 scimitar "Daozxap" {flame, rF+ rC++ Dex+3
                  | Stlth+} (You bought it in a shop on level 1 of the Orcish
                  | Mines)
 25332 | Spider:1 | Entered Level 1 of the Spider Nest
 25661 | Spider:1 | Reached skill level 16 in Fighting
 26512 | Spider:2 | HP: 5/145 [wolf spider simulacrum (40)]
 26662 | Spider:2 | Identified the serpent talisman of the Lily {Int+2 Dex+6
                  | SInv}
 26662 | Spider:2 | Noticed Aizul
 27142 | Spider:2 | Killed Aizul
 27458 | Spider:2 | Reached skill level 17 in Fighting
 27784 | Spider:2 | Reached XP level 16. HP: 128/155 MP: 19/19
 28360 | Spider:3 | Reached skill level 5 in Armour
 29430 | Shoals:1 | Entered Level 1 of the Shoals
 29459 | Shoals:1 | Identified the +1 robe of the Komodo Dragon {rC+ Will++
                  | Dex-5}
 29472 | Shoals:1 | Noticed Nikola
 29485 | Shoals:1 | Killed Nikola
 29486 | Shoals:1 | Reached skill level 18 in Fighting
 29920 | Shoals:1 | Acquired 497 gold pieces
 30401 | Shoals:2 | Reached skill level 15 in Dodging
 31387 | Shoals:3 | Found a transporter.
 31390 | Shoals:3 | Found a transporter.
 31441 | Shoals:3 | Reached skill level 19 in Fighting
 31459 | Shoals:3 | Found a transporter.
 31482 | Shoals:3 | Reached XP level 17. HP: 154/168 MP: 20/20
 31699 | Shoals:3 | Found a transporter.
 31774 | Shoals:3 | Found a transporter.
 31777 | Shoals:3 | Found a transporter.
 32123 | Spider:4 | Entered Level 4 of the Spider Nest
 33493 | Spider:4 | Got a gossamer rune of Zot
 33722 | Shoals:4 | Entered Level 4 of the Shoals
 33946 | Shoals:4 | Reached skill level 20 in Fighting
 34556 | Shoals:4 | Got a barnacled rune of Zot
 34903 | Vaults:1 | Entered Level 1 of the Vaults
 35061 | Vaults:1 | Found Nequfa's Weapon Shoppe.
 35372 | Vaults:1 | Reached XP level 18. HP: 170/180 MP: 21/21
 35966 | Vaults:1 | You fall into a shaft and drop 1 floor!
 36152 | Vaults:2 | Reached skill level 21 in Fighting
 36303 | Vaults:2 | Noticed a bone dragon
 36309 | Vaults:2 | Killed a bone dragon
 36334 | Vaults:2 | Found a staircase to the Crypt.
 36537 | Vaults:2 | Noticed Donald
 36540 | Vaults:2 | Killed Donald
 38214 | Vaults:3 | Identified the +4 ring mail "Ronaixicw" {Str+3}
 38432 | Vaults:3 | Identified the +5 ring mail "Uwel" {Fly rF+ MP-9 Slay+5}
 38653 | Vaults:3 | Found a runed translucent door.
 38653 | Vaults:3 | Noticed Lianjan's ghost (adept GnWr)
 38686 | Vaults:3 | Killed Lianjan's ghost
 38803 | Vaults:4 | Reached XP level 19. HP: 171/191 MP: 13/22
 38914 | Vaults:4 | Identified the +1 ring mail "Danag" {rF+ rCorr MP+9 Int+6}
 38961 | Vaults:4 | Reached skill level 10 in Armour
 38969 | Vaults:4 | Identified the +4 arbalest of Qazlal's Scorn {freeze, rF+
                  | Will+ Str+4 Int-5 Stlth+}
 38985 | Vaults:4 | Reached skill level 22 in Fighting
 40410 | Vaults:5 | Identified the "Ranuelef"
 40410 | Crypt:3  | Identified the "Xemuneta"
 40410 | Depths:1 | Entered Level 1 of the Depths
 40533 | Depths:1 | Found a one-way gateway to a ziggurat.
 40803 | Depths:1 | Gained mutation: Armour fits poorly on your strangely
                  | shaped body. [a neqoxec]
 40805 | Depths:1 | Gained mutation: You are clumsy. (Dex -2) [a neqoxec]
 40852 | Depths:1 | Lost mutation: Armour fits poorly on your strangely shaped
                  | body. [potion of mutation]
 40852 | Depths:1 | Lost mutation: Your spells are a little easier to cast, but
                  | a little less powerful. [potion of mutation]
 40852 | Depths:1 | Gained mutation: You are strong-willed. (Will+) [potion of
                  | mutation]
 40852 | Depths:1 | Gained mutation: You are very clumsy. (Dex -4) [potion of
                  | mutation]
 40852 | Depths:1 | Gained mutation: You are covered in fur. (AC +1) [potion of
                  | mutation]
 40855 | Depths:1 | Lost mutation: You are very clumsy. (Dex -4) [potion of
                  | mutation]
 40855 | Depths:1 | Lost mutation: You are clumsy. (Dex -2) [potion of
                  | mutation]
 40855 | Depths:1 | Lost mutation: You are strong-willed. (Will+) [potion of
                  | mutation]
 40855 | Depths:1 | Gained mutation: Potions are less effective at restoring
                  | your health. [potion of mutation]
 40855 | Depths:1 | Gained mutation: You have a pair of small antennae on your
                  | head. [potion of mutation]
 40913 | Depths:1 | Noticed Sojobo
 40915 | Depths:1 | Paralysed by an air elemental for 1 turns
 40929 | Depths:1 | Killed Sojobo
 40983 | Depths:1 | Reached skill level 23 in Fighting
 41877 | Depths:1 | Reached XP level 20. HP: 149/202 MP: 15/24
 42402 | Depths:2 | Found a one-way gate to the infinite horrors of the Abyss.
 42403 | Depths:2 | Found the +3 Elemental Staff {ele, rElec rF+ rC+ AC+3}
 42417 | Depths:2 | Reached XP level 21. HP: 213/213 MP: 16/25
 42584 | Depths:2 | Noticed an ancient lich
 42591 | Depths:2 | Killed an ancient lich
 42592 | Depths:2 | Reached skill level 24 in Fighting
 42592 | Depths:2 | Reached skill level 5 in Throwing
 42866 | Depths:2 | Found a one-way gate leading to the halls of Pandemonium.
 43099 | Depths:3 | Noticed Grunn
 43659 | Depths:3 | Killed Grunn
 44177 | Depths:3 | Found a gateway to Hell.
 44214 | Depths:3 | Noticed a juggernaut
 44407 | Depths:3 | Noticed Margery
 44418 | Depths:3 | Killed Margery
 44481 | Depths:3 | Found Etzeol Nobb's General Store.
 44572 | Depths:3 | Noticed a juggernaut
 44579 | Depths:3 | Killed a juggernaut
 44580 | Depths:3 | Reached XP level 22. HP: 197/224 MP: 17/26
 44702 | Depths:3 | Identified the +6 plate armour "Hyufumm Bile" {Will+}
 44883 | Depths:3 | Killed a juggernaut
 45045 | Depths:4 | Entered Level 4 of the Depths
 45170 | Depths:4 | Reached skill level 25 in Fighting
 45193 | Depths:4 | Noticed a juggernaut
 45205 | Depths:4 | Killed a juggernaut
 45280 | Depths:4 | Noticed a caustic shrike
 45281 | Depths:4 | Noticed a caustic shrike
 45281 | Depths:4 | Noticed a caustic shrike
 45281 | Depths:4 | Noticed a caustic shrike
 45286 | Depths:4 | Noticed a caustic shrike
 45301 | Depths:4 | Killed a caustic shrike
 45303 | Depths:4 | Killed a caustic shrike
 45306 | Depths:4 | Killed a caustic shrike
 45307 | Depths:4 | Killed a caustic shrike
 45308 | Depths:4 | Killed a caustic shrike
 45789 | Depths:4 | Found a runed translucent door.
 45789 | Depths:4 | Noticed a juggernaut
 45791 | Depths:4 | Noticed a juggernaut
 45972 | Depths:3 | Bought a scroll of enchant weapon for 135 gold pieces
 45972 | Depths:3 | Bought a potion of heal wounds for 90 gold pieces
 46179 | Depths:4 | Found a runed translucent door.
 46185 | Depths:4 | Found a runed translucent door.
 46281 | Depths:4 | Found a runed translucent door.
 46281 | Depths:4 | Found a runed translucent door.
 46333 | Depths:4 | Found a runed translucent door.
 46340 | Depths:4 | Found a runed translucent door.
 46356 | Depths:4 | Found a gate to the Realm of Zot.
 46571 | Depths:4 | Killed a juggernaut
 46639 | Depths:4 | Killed a juggernaut
 47204 | Crypt:1  | Entered Level 1 of the Crypt
 47600 | Crypt:1  | Reached skill level 26 in Fighting
 47997 | Crypt:2  | Reached skill level 10 in Throwing
 48079 | Crypt:2  | Reached XP level 23. HP: 236/236 MP: 18/27
 48768 | Crypt:3  | Entered Level 3 of the Crypt
 49198 | Crypt:3  | Noticed Mennas
 49619 | Crypt:3  | Noticed an ancient lich
 49624 | Crypt:3  | Killed an ancient lich
 49635 | Crypt:3  | Killed Mennas
 49760 | Crypt:3  | Found a staircase to the Tomb.
 49762 | Crypt:3  | Identified the +4 broad axe of the Apocalypse {spect, rElec
                  | rPois Dex+3}
 49902 | Crypt:3  | Identified the +0 helmet of the Playwright {rF+}
 50286 | Elf:1    | Identified the of Ciezxep
 50286 | Elf:1    | Entered Level 1 of the Elven Halls
 51472 | Elf:2    | Found Hyggerun's Antique Weapon Shoppe.
 51474 | Elf:2    | Found Jexic's Antique Weapon Emporium.
 51478 | Elf:2    | Found Lyz Zuik's Magic Scroll Shoppe.
 52030 | Elf:2    | Found a runed translucent gate.
 52030 | Elf:2    | Found a runed translucent gate.
 52030 | Elf:2    | Found a runed translucent gate.
 52464 | Elf:2    | Upgraded the game from 0.31-a0-982-g1816016f30 to
                  | 0.31-a0-995-g04711c9635
 52815 | Elf:3    | Identified the of Fuofriwk
 52815 | Elf:3    | Identified the of Jippobi
 52815 | Elf:3    | Identified the of Zittog
 52815 | Slime:1  | Entered Level 1 of the Pits of Slime
 52860 | Slime:2  | Noticed Dissolution
 52865 | Slime:1  | Killed Dissolution
 53193 | Slime:2  | Reached XP level 24. HP: 247/247 MP: 27/27
 53212 | Slime:2  | Reached skill level 10 in Shields
 53399 | Slime:5  | Identified the of Qyzaw
 53399 | Slime:5  | Identified the "Xep Kiof"
 53399 | Slime:5  | Entered Level 5 of the Pits of Slime
 53777 | Slime:5  | Noticed the Royal Jelly
 54008 | Slime:5  | Killed the Royal Jelly
 54283 | Slime:5  | Got a slimy rune of Zot
 54287 | Slime:5  | Identified the +1 pair of gloves "Xevox" {rElec}
 54326 | Slime:5  | Identified the +3 longbow of the Lurker {flame, rF+ rC+
                  | Int+5}
 54820 | Lair:3   | Killed Rupert
 55130 | Zot:1    | Entered Level 1 of the Realm of Zot
 56709 | Zot:3    | Identified the ring of Emown {Ice Slay+2}
 56709 | Zot:3    | Noticed Josephina
 56945 | Zot:3    | Killed Josephina
 56946 | Zot:3    | Reached skill level 15 in Shields
 58767 | Zot:4    | Identified the +2 orcbow "Embalmer" {antimagic, rElec Str-4
                  | Int+6}
 58967 | Zot:5    | Entered Level 5 of the Realm of Zot
 59070 | Zot:5    | Reached XP level 25. HP: 255/255 MP: 27/27
 59169 | Zot:5    | Noticed an orb of fire
 59173 | Zot:5    | Killed an orb of fire
 59401 | Zot:5    | Noticed a dread lich
 59414 | Zot:5    | Killed a dread lich
 59427 | Zot:5    | Noticed an orb of fire
 59432 | Zot:5    | Noticed an orb of fire
 59438 | Zot:5    | Killed an orb of fire
 59442 | Zot:5    | Killed an orb of fire
 59528 | Zot:5    | Noticed an ancient lich
 59530 | Zot:5    | Noticed an ancient lich
 59533 | Zot:5    | Killed an ancient lich
 59536 | Zot:5    | Killed an ancient lich
 59542 | Zot:5    | Noticed an ancient lich
 59543 | Zot:5    | Noticed a dread lich
 59552 | Zot:5    | Killed an ancient lich
 59559 | Zot:5    | Killed a dread lich
 59823 | Zot:5    | Noticed an ancient lich
 59851 | Zot:5    | Got the Orb of Zot
 60488 | D:$      | Escaped with the Orb!

Illustrated notes

Levels and vault maps discovered:
D:1:      nicolae_arrival_somewhat_less_tricky_arrival, layout_loops_ring
D:2:      layout_loops_ring, nicolae_nh_oracle_at_delphi
D:3:      layout_basic, mainiacjoe_overflow_alcove_4, uniq_sigmund, uniq_natasha
D:4:      layout_cave_pods, mainiacjoe_overflow_small_starburst,
          kennysheep_mini_moat, uniq_ijyb
D:5:      layout_rooms, blue_anna_alchemist, kennysheep_generic_room_14
D:6:      layout_loops_ring, mainiacjoe_overflow_24_doors,
          nicolae_overflow_quartered_altars, chequers_hall_statues_y,
          serial_bayou_pond_e
D:7:      layout_basic, minmay_temple_entry_mini_moons
D:8:      layout_gridville, chequers_temple_overflow_statue_of_worship,
          enter_bailey_3
D:9:      nicolae_cairo_tiling_large_dashed, layout_loops_ring,
          kennysheep_potato, uniq_maurice
D:10:     layout_small_grid, serial_shops, shop
D:11:     layout_cave_pods, grunt_lair_entry_orc_guard_hut, uniq_lodul
D:12:     layout_long_grid, hiddenorc2_lemuel, minmay_shattered_shrine
D:13:     layout_loops_cross, lightli_vaults_fourway_checkpoint,
          nicolae_trove_entry_isolated
D:14:     layout_roguey, ashenzari_conservatory_becter
D:15:     hangedman_depths_entry_civil_slaughter, layout_long_grid,
          serial_shops, nicolae_shop_pleasant_corner_grove, shop,
          skrybe_limestone_x
Temple:   chequers_temple_sunken
Lair:1:   layout_layer_cave, basic_altar, grunt_megastairs_2
Lair:2:   gammafunk_boulding_lane, layout_chaotic_city, serial_bayou_shore_b
Lair:3:   layout_chaotic_city, minmay_shoals_entry_hut,
          nicolae_spider_entry_non_spiders, roderic_carrion_pond, uniq_fannar,
          uniq_rupert
Lair:4:   layout_regular_city, gauntlet_entry_generic
Lair:5:   minmay_lair_end_frog_pond, layout_hall_layers, slime_entry_2,
          lemuel_old_faithful, lemuel_fruit_tree
Shoals:1: layout_shoals, uniq_nikola
Shoals:2: layout_shoals
Shoals:3: layout_shoals, serial_nicolae_subway, nicolae_sub_station_metal,
          nicolae_sub_station_stone, nicolae_sub_station_crystal
Shoals:4: shoals_end_hangedman, layout_shoals
Spider:1: nicolae_spider_hilbert_zone_1 [nicolae_spider_hilbert_4_sides_1_open,
          nicolae_spider_hilbert_4_sides_1_open,
          nicolae_spider_hilbert_4_sides_1_open,
          nicolae_spider_hilbert_4_sides_1_open,
          nicolae_spider_hilbert_3_sides_1_open,
          nicolae_spider_hilbert_3_sides_1_open,
          nicolae_spider_hilbert_3_sides_1_open,
          nicolae_spider_hilbert_3_sides_1_open,
          nicolae_spider_hilbert_3_sides_1_open,
          nicolae_spider_hilbert_6_sides_1_open,
          nicolae_spider_hilbert_6_sides_1_open,
          nicolae_spider_hilbert_3_sides_1_open,
          nicolae_spider_hilbert_3_sides_1_open,
          nicolae_spider_hilbert_3_sides_1_open,
          nicolae_spider_hilbert_3_sides_1_open,
          nicolae_spider_hilbert_2_sides_1_open]
Spider:2: layout_spider_delve, uniq_aizul
Spider:3: layout_spider_delve
Spider:4: spider_rune_water
Slime:1:  layout_caves
Slime:2:  layout_caves, dissolution_awaits
Slime:3:  layout_caves
Slime:4:  layout_caves
Slime:5:  slime_pit_nicolae_jellycorners
Orc:1:    layout_caves, serial_shops, shop_fountains
Orc:2:    st_orc_rangers, layout_caves, david_defended_altar_orc
Elf:1:    minmay_elf_arrival_summoners, layout_onion_city, minivault_28,
          minivault_19, nicolae_elf_m_pinch
Elf:2:    nicolae_elf_blades_splatter_lattice [nicolae_blade_entry_antechamber],
          layout_geoelf_diagonals, lemuel_upstairs_altar, minmay_shop_star
Vaults:1: v_pattern_1, vaults_room_fours, ontoclasm_vaults_eye,
          hangedman_vaults_capsules, hangedman_vaults_slice,
          vaults_mumra_minichess, vaults_dpeg_encased_lava,
          nicolae_vaults_tetromino_L_2, nicolae_vaults_variable_pillar_hall,
          vaults_mumra_lcd, nicolae_vaults_specimen_jars,
          nicolae_vaults_little_squares_4, vaults_room_door_ring,
          layout_vaults_omnicross, serial_shops, nicolae_shop_trees
Vaults:2: v_misc_24, minmay_crypt_entry_nasty_monster, v_misc_18,
          nicolae_vaults_loss_of_containment, nicolae_vaults_shrinking_rooms_2,
          vaults_standard_mumra_lines, nicolae_vaults_theta,
          nicolae_vaults_windows_and_doors_thing, nicolae_vaults_spaceships,
          vaults_mumra_minichess_inversion, vaults_dpeg_cross,
          grunt_vaults_bifocal, nicolae_vaults_trapezoid_1,
          layout_vaults_omnibox, uniq_donald
Vaults:3: ebering_ghost_inner_flame, nicolae_vaults_closet_pinwheel_3,
          nicolae_vaults_hallways_thing, nicolae_vaults_weapon_check,
          nicolae_vaults_turnstiles, grunt_vaults_focal,
          nicolae_vaults_little_squares_3, ontoclasm_vaults_ligature,
          layout_vaults_quadrants
Vaults:4: nicolae_vaults_tangram_2, nicolae_vaults_trapezoid_lopsided_1,
          vaults_room_pools, vaults_room_grunt_arrival_ludios,
          vaults_room_pools, nicolae_vaults_swerve, v_rooms_6,
          hangedman_vaults_impose, nicolae_vaults_yaktaur_gun_rack,
          nicolae_vaults_alarming, nicolae_vaults_sealed_display,
          grunt_vaults_diagonal, ontoclasm_vaults_fault, layout_vaults_ring
Crypt:1:  layout_misc_corridors, roderic_lattice_octagonal_star
Crypt:2:  layout_gridlike, lemuel_mausoleum_altar_kikubaaqudgha
Crypt:3:  cryptofortress_bobbens, uniq_mennas
Depths:1: layout_gridlike, enter_ziggurat_b, minmay_strange_pillars,
          grunt_hell_entry_demonic_statue, kennysheep_cluttered_room,
          minmay_microvault, infiniplex_staircase_pool_lava, uniq_sojobo
Depths:2: lemuel_river_lethe, pan_entry, hell_entry, abyss_entry, serial_shops
Depths:3: minmay_the_grid_four_pointed_star [minmay_the_grid_triangle_9x9_steps,
          minmay_the_grid_triangle_9x9_warning,
          minmay_the_grid_triangle_9x9_sparse_checkered,
          minmay_the_grid_triangle_9x9_descending_squares,
          minmay_the_grid_prize_inner_circle], layout_gridville, abyss_entry,
          pan_entry, hell_entry, nicolae_take_the_stairs,
          nemelex_spade_bored_becter, serial_bayou_shore_a, uniq_grunn,
          uniq_margery
Depths:4: evilmike_zot_entry_castle, layout_basic, grunt_pan_entry_zigzag,
          hell_entry, lightli_gold_pyramid
Zot:1:    layout_onion, drop_trap, grunt_ministairs_12
Zot:2:    layout_misc_corridors
Zot:3:    layout_basic, hangedman_zot_wheel_spokes, uniq_josephina
Zot:4:    layout_concentric_octagons, st_stairs_10,
          regret_index_zotdec_twisting_globes, grunt_megastairs_4
Zot:5:    layout_gridlike

Skill      XL: |  1  2  3  4  5  6  7  8  9 10 11 12 13 14 15 16 17 18 19 20 21 22 23 24 25 |
---------------+----------------------------------------------------------------------------+-----
Fighting       | 2 3 5 6 9 11 12 14 17 19 20 21 23 24 26 | 26.4
Long Blades    | 3 5 6 7 9 10 12 13 14 15 16 17 | 17.9
Dodging        | 3 4 5 7 8 10 11 12 14 15 16 17 19 20 21 22 | 22.4
Armour         | 2 3 4 6 7 9 10 12 | 12.9
Shields        | 4 5 9 16 17 | 17.3
Throwing       | 3 4 7 10 | 10.0
Short Blades   | |  0.4

Action                     |  1- 3 |  4- 6 |  7- 9 | 10-12 | 13-15 | 16-18 | 19-21 | 22-24 | 25-27 || total
---------------------------+-------+-------+-------+-------+-------+-------+-------+-------+-------++-------
  Melee: Long sword        |   134 |   127 |   120 |       |       |       |       |       |       ||   381
         Punch             |       |     4 |       |       |       |       |       |       |       ||     4
         Dagger            |       |       |   374 |     8 |       |       |       |       |       ||   382
         Scimitar          |       |       |       |   680 |    60 |       |       |       |       ||   740
         Double sword      |       |       |       |       |   886 |  1172 |   731 |  1381 |   170 ||  4340
  Throw: Throwing net      |       |     1 |       |       |       |       |       |       |       ||     1
         Dart              |       |       |     3 |       |       |       |       |       |       ||     3
         Javelin           |       |       |       |       |       |       |     9 |    24 |       ||    33
  Evoke: Wand              |       |     1 |    19 |    11 |     1 |       |       |     2 |       ||    34
         Phantom mirror    |       |       |       |       |       |     2 |       |     1 |       ||     3
    Use: Potion            |     4 |       |     2 |     5 |     4 |     3 |     7 |     3 |     3 ||    31
         Scroll            |       |     5 |     3 |    13 |    15 |     7 |     6 |    17 |       ||    66
   Stab: Sleeping          |       |       |     1 |     1 |    12 |     8 |     9 |    27 |       ||    58
         Invisible         |       |       |       |     4 |    14 |    10 |       |       |       ||    28
         Petrified         |       |       |       |     2 |       |       |       |       |       ||     2
         Distracted        |       |       |       |       |     1 |    10 |     3 |    15 |     2 ||    31
 Armour: Leather armour    |    49 |       |       |       |       |       |       |       |       ||    49
         Skin              |    24 |       |       |       |       |       |       |       |       ||    24
         Ring mail         |       |    39 |    53 |    65 |   318 |   473 |   311 |   438 |    29 ||  1726
         Scale mail        |       |    43 |    65 |       |       |       |       |       |       ||   108
         Chain mail        |       |       |    53 |    56 |       |       |       |       |       ||   109
         Steam dragon scal |       |       |    52 |   182 |       |       |       |       |       ||   234
  Dodge: Dodged            |    58 |    66 |   173 |   277 |   742 |  1497 |  1097 |  1834 |   132 ||  5876
  Block: Other             |    22 |    32 |    45 |       |       |       |       |       |       ||    99
         Reflection        |       |     1 |     5 |     8 |    41 |   120 |    15 |       |       ||   190
         Buckler           |       |       |   115 |   254 |    16 |       |       |       |       ||   385
         Kite shield       |       |       |       |       |   961 |  1392 |   882 |  1587 |   172 ||  4994

Table legend: (Time is in decaauts)
 A = Elapsed time spent in this place.
 B = Non-inter-level travel time spent in this place.
 C = Inter-level travel time spent in this place.
 D = Time resting spent in this place.
 E = Time spent auto-exploring this place.
 F = Levels seen in this place.
 G = Mean time per level.
                   A        B        C        D        E       F      G
               +--------+--------+--------+--------+--------+-----+--------+
         Total |  61691 |  53766 |   7925 |    717 |  38725 |  55 | 1121.7 |
       Dungeon |  17806 |  15592 |   2214 |     20 |  12545 |  15 | 1187.1 |
        Temple |      1 |      1 |      0 |      0 |      0 |   1 |    1.0 |
          Lair |   7032 |   5599 |   1433 |      0 |   4412 |   5 | 1406.4 |
        Shoals |   4056 |   3469 |    587 |      4 |   2324 |   4 | 1014.0 |
   Spider Nest |   5577 |   4930 |    647 |     10 |   3729 |   4 | 1394.2 |
    Slime Pits |   1964 |   1888 |     76 |    437 |    469 |   5 |  392.8 |
  Orcish Mines |   1682 |   1344 |    338 |      0 |   1021 |   2 |  841.0 |
   Elven Halls |   2354 |   2093 |    261 |      0 |   1615 |   2 | 1177.0 |
        Vaults |   5543 |   4841 |    702 |      3 |   3727 |   4 | 1385.8 |
         Crypt |   2969 |   2739 |    230 |      0 |   1872 |   3 |  989.7 |
        Depths |   7099 |   6122 |    977 |      0 |   3868 |   4 | 1774.8 |
           Zot |   4902 |   4447 |    455 |    242 |   2771 |   5 |  980.4 |
      Gauntlet |    700 |    700 |      0 |      0 |    371 |   1 |  700.0 |
               +--------+--------+--------+--------+--------+-----+--------+

Top non-repeatable levels by time:
Depths:4: 1955 daAuts
    D:11: 1952 daAuts
Depths:2: 1856 daAuts
  Lair:3: 1840 daAuts
  Lair:1: 1810 daAuts
     D:7: 1762 daAuts
Depths:1: 1742 daAuts
Spider:3: 1675 daAuts
Vaults:2: 1545 daAuts
Depths:3: 1545 daAuts
Spider:1: 1509 daAuts
Spider:4: 1455 daAuts
Vaults:1: 1452 daAuts
    D:13: 1386 daAuts
  Lair:2: 1336 daAuts
